 Dungeon Crawl Stone Soup version 0.29.0-15-g675c0067aa (webtiles) character file.

Game seed: 978476879966700419

131 pacmanke6689 the Shield-Bearer (level 5, 0/41 (42) HPs)
             Began as a Formicid Fighter on Sept 11, 2022.
             Was an Initiate of Okawaru.
             Succumbed to a water moccasin's poison
             ... on level 4 of the Dungeon.
             The game lasted 00:07:10 (2874 turns).

pacmanke6689 the Shield-Bearer (Formicid Fighter)   Turns: 2874, Time: 00:07:10

HP:   0/41 (42)     AC:  7    Str: 23    XL:     5   Next: 37%
MP:   5/5           EV:  9    Int:  7    God:    Okawaru [......]
Gold: 164           SH:  5    Dex: 13    Spells: 4/4 levels left

rFire   . . .      SeeInvis +   a - +1 long sword
rCold   . . .      Faith    .   c - +0 buckler
rNeg    . . .      Spirit   .   b - +0 scale mail
rPois   .          Reflect  .   (helmet unavailable)
rElec   .          Harm     .   (no cloak)
rCorr   .          Rampage  .   (no gloves)
Will    .....                   (no boots)
Stlth   ..........              (no amulet)
HPRegen 0.13/turn               (no ring)
MPRegen 0.09/turn               (no ring)

@: lethally poisoned (0 -> -4), lightly drained
A: permanent stasis, dig shafts and tunnels, antennae 3, four strong arms
a: Dig, Shaft Self, Renounce Religion


You were on level 4 of the Dungeon.
You worshipped Okawaru.
Okawaru was noncommittal.
You visited 2 branches of the dungeon, and saw 5 of its levels.

You collected 164 gold pieces.

Inventory:

Hand Weapons
 a - a +1 long sword (weapon)
Armour
 b - a +0 scale mail (worn)
 c - a +0 buckler (worn)
Jewellery
 e - a ring of willpower
 g - a ring of protection from fire
Wands
 f - a wand of charming (9)
 l - a wand of roots (15)
Potions
 d - a potion of berserk rage
 h - a potion of invisibility
 k - a potion of cancellation


   Skills:
 + Level 3.9 Fighting
 + Level 3.3 Long Blades
 + Level 4.2 Armour
 + Level 0.6 Dodging
 + Level 4.7 Shields


You had 4 spell levels left.
You didn't know any spells.
Your spell library contained the following spells:

 Spells                   Type           Power      Damage    Failure   Level
 Ozocubu's Armour         Ice            0%         N/A       99%         3
 Fireball                 Conj/Fire      0%         3d3       100%        5
 Metabolic Englaciation   Hex/Ice        0%         N/A       100%        5
 Starburst                Conj/Fire      0%         6d3       100%        6
 Ignition                 Fire           0%         3d3       100%        8
 Simulacrum               Ice/Necr       Unusable   N/A       N/A         6

Dungeon Overview and Level Annotations

Branches:
Dungeon (4/15)             Temple (1/1) D:4

Altars:
Cheibriados
Dithmenos
Elyvilon
Fedhas
Gozag
Hepliaklqana
Kikubaaqudgha
Makhleb
Nemelex Xobeh
Okawaru
Qazlal
Sif Muna
Trog
Vehumet
Wu Jian
Yredelemnul
Zin
The Shining One

Shops:
D:4 *

Annotations:
D:4 Dowan, Duvessa


Innate Abilities, Weirdness & Mutations

You cannot be hasted, slowed, berserked, paralysed or teleported.
You can dig through walls and to a lower floor.
You have a pair of large antennae on your head. (SInv)
Your four strong arms can wield two-handed weapons with a shield.


Message History

The water moccasin is heavily wounded.
The adder bites you but does no damage. The water moccasin closely misses you.
Dowan closely misses you. The adder closely misses you.
The water moccasin bites you!
You are poisoned.
The water moccasin poisons you!
You fade into invisibility!
You feel very sick. The adder barely misses you. The water moccasin bites you!
* * * LOW HITPOINT WARNING * * *
You block Dowan's attack. The adder barely misses you.
* * * LOW HITPOINT WARNING * * *
You feel sick. The water moccasin barely misses you.
It was a potion of lignification.
You turn into a tree.
Your +0 scale mail melds into your body.
Your roots penetrate the ground.
* * * LOW HITPOINT WARNING * * *
You feel sick.
The water moccasin bites you but does no damage.
Dowan gestures at the water moccasin while chanting.
The water moccasin is outlined in light.
It was a potion of magic.
Magic courses through your body.
* * * LOW HITPOINT WARNING * * *
You feel sick.
The water moccasin bites you but does no damage.
It was a potion of cancellation.
Your magical effects are unravelling.
You feel magically purged.
You feel less wooden.
Your +0 scale mail unmelds from your body.
You flicker back into view.
* * * LOW HITPOINT WARNING * * *
You feel sick. Duvessa hits you but does no damage.
You feel drained. You block the water moccasin's attack.
You aren't carrying any scrolls.
Okay, then.
The adder attacks as you move away! The adder bites you but does no damage.
* * * LOW HITPOINT WARNING * * *
You feel sick. Duvessa closely misses you.
You die...

##..# #..##.. ##...#
##.[... ###...# ##..##
#....# ##..# #####..#
##.. #[..#..# #### ##)
+.∩.eS.## ##.?## ##
#...#Se.###....## ##
#####@...###....#####.
#......###.....##..
##......####........
..........####......#
...##[......###.....##
.## ##..............#
#..............#
#..##...####...# #.#
#..## #...#


You could see Duvessa, a water moccasin (corona), Dowan and an adder.

Vanquished Creatures
  An orc priest (D:3)
  4 adders
  2 worms
  A dart slug (D:2)
  4 orcs (D:3)
  3 ball pythons
  5 endoplasms (D:2)
  3 giant cockroaches
  7 goblins
  5 hobgoblins
  2 quokkas
  6 bats
  5 frilled lizards
  3 kobolds
  2 rats (D:3)
53 creatures vanquished.

Notes
Turn   | Place    | Note
-------+----------+-------------------------------------------
     0 | D:1      | pacmanke6689 the Formicid Fighter began the quest for the
                  | Orb.
     0 | D:1      | Reached XP level 1. HP: 18/18 MP: 1/1
    27 | D:1      | You fall into a shaft and drop 1 floor!
   141 | D:2      | Reached XP level 2. HP: 25/25 MP: 2/2
   298 | D:1      | Reached XP level 3. HP: 30/30 MP: 3/3
   500 | D:1      | Found a faded altar of an unknown god.
  1140 | D:2      | Identified the +5 war axe of Risk Management {freeze, *Slow
                  | +Blink rF- rN+++}
  1362 | D:2      | Reached XP level 4. HP: 35/37 MP: 4/4
  1863 | D:3      | Reached XP level 5. HP: 14/42 MP: 5/5
  2222 | D:3      | Found a sparkling altar of Nemelex Xobeh.
  2453 | D:4      | Noticed a steam dragon
  2530 | D:4      | Found a staircase to the Ecumenical Temple.
  2575 | Temple   | Entered the Ecumenical Temple
  2786 | Temple   | Became a worshipper of Warmaster Okawaru
  2857 | D:4      | Noticed Dowan
  2858 | D:4      | Noticed Duvessa
  2861 | D:4      | Found Humeb's Serpentskin Sales.
  2861 | D:4      | Noticed a water moccasin
  2872 | D:4      | HP: 2/42 [poisoned by a water moccasin]
  2874 | D:4      | Succumbed to a water moccasin's poison

Illustrated notes

Levels and vault maps discovered:
D:1:      lemuel_arrival_funnel, layout_rooms,
          dilly_ecumenical_altar_fadedgnrine
D:2:      layout_basic
D:3:      layout_loops_ring, nemelex_xobeh_ov_fountains_minmay
D:4:      layout_layer_cave, minmay_temple_entry_wispy, guppyfry_shop_venom,
          uniq_duvessa
Temple:   minmay_crystal_spiral_temple

Skill      XL: |  1  2  3  4 |
---------------+-------------+-----
Armour         | 4 |  4.2
Long Blades    | 3 |  3.3
Fighting       | |  3.9
Dodging        | |  0.6
Shields        | |  4.7

Action                   |  1- 3 |  4- 6 || total
-------------------------+-------+-------++-------
Melee: Long sword        |   111 |    74 ||   185
  Use: Potion            |     1 |     4 ||     5
       Scroll            |     5 |     2 ||     7
Armor: Scale mail        |    54 |    34 ||    88
       Skin              |       |     2 ||     2
Dodge: Dodged            |    72 |    40 ||   112
Block: Buckler           |    25 |    16 ||    41
